 Dungeon Crawl Stone Soup version 0.29.1-1-gd02db69 (webtiles) character file.

Game seed: 3785281497019462494

732 Roroshan the Poker (level 7, -11/60 HPs)
             Began as a Gnoll Cinder Acolyte on Feb 6, 2023.
             Was an Initiate of Ignis.
             Mangled by Prince Ribbit (14 damage)
             ... on level 5 of the Dungeon.
             The game lasted 00:29:39 (3066 turns).

Roroshan the Poker (Gnoll Cinder Acolyte)           Turns: 3066, Time: 00:29:39

Health: -11/60     AC:  9    Str: 14    XL:     7   Next: 73%
Magic:  13/13      EV: 10    Int: 15    God:    Ignis [......]
Gold:   194        SH:  0    Dex:  7    Spells: 14/14 levels left

rFire   + . .      SeeInvis .   a - +1 spear (flame)
rCold   . . .      Faith    .   (no shield)
rNeg    . . .      Spirit   .   B - +3 ring mail {Will+}
rPois   .          Reflect  .   (no helmet)
rElec   .          Harm     .   e - +0 cloak
rCorr   .          Rampage  .   (no gloves)
Will    +....                   (no boots)
Stlth   +.........              (no amulet)
HPRegen 0.20/turn               (no ring)
MPRegen 0.13/turn               (no ring)

@: about to teleport
A: fangs 1, strong nose, distributed training, evolution 1
a: Renounce Religion


You were on level 5 of the Dungeon.
You worshipped Ignis.
Ignis was noncommittal.
You visited 1 branch of the dungeon, and saw 5 of its levels.

You collected 194 gold pieces.

Inventory:

Hand Weapons
 a - a +1 spear of flaming (weapon)
 C - a +0 giant club
 H - a +2 dagger of speed
Missiles
 z - 2 poisoned darts
 D - 6 boomerangs
Armour
 e - a +0 cloak (worn)
 h - a +0 barding
 B - a +3 ring mail of willpower (worn)
Wands
 c - a wand of acid (5)
 j - a wand of digging (5)
Scrolls
 b - a scroll of fog {unknown}
 i - a scroll of vulnerability (quivered) {unknown}
 k - a scroll of magic mapping {unknown}
 n - 2 scrolls of teleportation
 G - a scroll of identify
 I - 2 scrolls of torment
Potions
 d - 3 potions of mutation
 f - 3 potions of degeneration
 o - 6 potions of curing
 w - a potion of ambrosia
 x - a potion of cancellation {unknown}
 E - a potion of brilliance {unknown}
 F - a potion of flight {unknown}


   Skills:
 + Level 7.1 Fighting
 + Level 2.8 Short Blades
 + Level 2.8 Long Blades
 + Level 2.8 Axes
 + Level 2.8 Maces & Flails
 + Level 7.1 Polearms
 + Level 2.8 Staves
 + Level 2.8 Ranged Weapons
 + Level 2.8 Throwing
 + Level 2.8 Armour
 + Level 2.8 Dodging
 + Level 2.8 Stealth
 + Level 2.8 Shields
 + Level 2.8 Unarmed Combat
 + Level 4.0 Spellcasting
 + Level 2.2 Conjurations
 + Level 2.2 Hexes
 + Level 2.2 Summonings
 + Level 2.2 Necromancy
 + Level 2.2 Translocations
 + Level 2.2 Transmutations
 + Level 5.9 Fire Magic
 + Level 2.2 Ice Magic
 + Level 2.2 Air Magic
 + Level 2.2 Earth Magic
 + Level 2.2 Poison Magic
 + Level 3.1 Invocations
 + Level 2.8 Evocations


You had 14 spell levels left.
You didn't know any spells.
Your spell library contained the following spells:

 Spells                   Type           Power      Damage    Failure   Level
 Scorch                   Fire           40%        2d7       4%          2
 Foxfire                  Conj/Fire      60%        2x1d7     7%          1
 Necrotise                Necr           36%        1d5       14%         1
 Conjure Flame            Conj/Fire      15%        6-21      21%         3
 Inner Flame              Hex/Fire       15%        N/A       21%         3
 Vampiric Draining        Necr           9%         2d6       38%         3
 Flame Wave               Conj/Fire      15%        2d7       54%         4
 Agony                    Necr           9%         N/A       98%         5


Dungeon Overview and Level Annotations

Branches:
Dungeon (5/15)
 Temple: D:4-7

Altars:
Uskayaw

Shops:
D:1 [   D:2 :

Annotations:
D:5 Prince Ribbit


Innate Abilities, Weirdness & Mutations

You have very sharp teeth.
Your uncanny sense of smell can sniff out nearby items.
Your experience applies equally to all skills.
You have hidden genetic potential.


Message History

Prince Ribbit is lightly wounded.
Prince Ribbit barely misses you.
You miss Prince Ribbit.
You bite Prince Ribbit, but do no damage.
Prince Ribbit is lightly wounded.
Prince Ribbit barely misses you.
You miss Prince Ribbit.
Prince Ribbit is lightly wounded.
Prince Ribbit hits you but does no damage.
You hit Prince Ribbit. You burn Prince Ribbit.
Prince Ribbit is moderately wounded.
Prince Ribbit hits you.
You barely miss Prince Ribbit. Your bite misses Prince Ribbit.
Prince Ribbit is moderately wounded.
Prince Ribbit hits you!
* * * LOW HITPOINT WARNING * * *
You miss Prince Ribbit.
Prince Ribbit is moderately wounded.
Prince Ribbit hits you!
* * * LOW HITPOINT WARNING * * *
You feel better. Prince Ribbit hits you!
* * * LOW HITPOINT WARNING * * *
You feel much better. Prince Ribbit closely misses you. Prince Ribbit hits you.
An orc comes into view. It is wielding a +0 dagger.
You barely miss Prince Ribbit.
Prince Ribbit is moderately wounded.
Prince Ribbit hits you!
* * * LOW HITPOINT WARNING * * *
You closely miss Prince Ribbit.
The orc shouts!
Your bite misses Prince Ribbit.
Prince Ribbit is moderately wounded.
Prince Ribbit misses you.
You barely miss Prince Ribbit.
Prince Ribbit is moderately wounded.
Prince Ribbit hits you!
* * * LOW HITPOINT WARNING * * *
As you read the scroll of teleportation, it crumbles to dust.
You feel strangely unstable. Prince Ribbit hits you!
You die...

........# #......# #.#
.................###########
#.#
................#..........#
#.#
................#..........#
#.#
.#######...................#
#.# .# ...o...............#
#.# .# ..................#
#.# .# ..................#
#.# ... .......@..........#
#.# ... ##.....F..........#
#.# ...
#................###.#
####+##..........#...#
#........####.###
#.............#
#.......!.##### #.......†##
#........#


You could see Prince Ribbit and an orc.

Vanquished Creatures
  Grinder (D:3)
  An ogre (D:3)
  A scorpion (D:4)
  A necrophage (D:5)
  2 killer bees (D:5)
  2 hounds
  An orc priest (D:3)
  Terence (D:2)
  Ijyb (D:4)
  A gnoll (D:1)
  3 adders (D:3)
  3 worms
  4 dart slugs
  2 orcs (D:3)
  8 ball pythons
  9 bats
  11 endoplasms
  2 giant cockroaches
  3 goblins
  2 hobgoblins (D:3)
  A jackal (D:3)
  8 kobolds
  5 quokkas
  2 frilled lizards
  6 rats
81 creatures vanquished.

Vanquished Creatures (others)
  29 foxfires
  A fungus (D:1)
30 creatures vanquished.

Grand Total: 111 creatures vanquished

Notes
Turn   | Place    | Note
-------+----------+-------------------------------------------
     0 | D:1      | Roroshan the Gnoll Cinder Acolyte began the quest for the
                  | Orb.
     0 | D:1      | Reached XP level 1. HP: 23/23 MP: 4/4
     5 | D:1      | Found Qarchaw's Armour Boutique.
    93 | D:1      | Found a faded altar of an unknown god.
   135 | D:1      | Reached XP level 2. HP: 24/29 MP: 5/5
   240 | D:1      | Reached XP level 3. HP: 10/35 MP: 7/7
   473 | D:1      | Reached skill level 1 in Invocations
   600 | D:1      | Reached skill level 1 in Short Blades
   600 | D:1      | Reached skill level 1 in Long Blades
   600 | D:1      | Reached skill level 1 in Axes
   600 | D:1      | Reached skill level 1 in Maces & Flails
   600 | D:1      | Reached skill level 1 in Staves
   600 | D:1      | Reached skill level 1 in Ranged Weapons
   600 | D:1      | Reached skill level 1 in Throwing
   600 | D:1      | Reached skill level 1 in Armour
   600 | D:1      | Reached skill level 1 in Dodging
   600 | D:1      | Reached skill level 1 in Stealth
   600 | D:1      | Reached skill level 1 in Shields
   600 | D:1      | Reached skill level 1 in Unarmed Combat
   600 | D:1      | Reached skill level 1 in Evocations
  1151 | D:2      | Noticed Terence
  1156 | D:2      | Killed Terence
  1157 | D:2      | Reached XP level 4. HP: 41/41 MP: 8/8
  1220 | D:2      | Reached skill level 1 in Conjurations
  1220 | D:2      | Reached skill level 1 in Hexes
  1220 | D:2      | Reached skill level 1 in Summonings
  1220 | D:2      | Reached skill level 1 in Necromancy
  1220 | D:2      | Reached skill level 1 in Translocations
  1220 | D:2      | Reached skill level 1 in Transmutations
  1220 | D:2      | Reached skill level 1 in Ice Magic
  1220 | D:2      | Reached skill level 1 in Air Magic
  1220 | D:2      | Reached skill level 1 in Earth Magic
  1220 | D:2      | Reached skill level 1 in Poison Magic
  1229 | D:2      | You fall into a shaft and drop 1 floor!
  1422 | D:3      | Reached XP level 5. HP: 36/47 MP: 9/9
  1629 | D:3      | Noticed an ogre
  1630 | D:3      | Noticed Grinder
  1866 | D:2      | Found Zoeliu's Book Shoppe.
  2034 | D:3      | Paralysed by Grinder for 3 turns
  2039 | D:3      | Killed Grinder
  2040 | D:3      | Reached XP level 6. HP: 33/53 MP: 9/11
  2043 | D:3      | Reached XP level 7. HP: 38/60 MP: 9/12
  2403 | D:4      | Found a hide-covered altar of Uskayaw.
  2485 | D:4      | Gained mutation: You have hidden genetic potential. [potion
                  | of mutation]
  2517 | D:4      | Noticed Ijyb
  2537 | D:4      | Killed Ijyb
  2924 | D:5      | Entered Level 5 of the Dungeon
  3051 | D:5      | Noticed Prince Ribbit
  3060 | D:5      | HP: 2/60 [Prince Ribbit (15)]
  3065 | D:5      | HP: 3/60 [Prince Ribbit (13)]
  3066 | D:5      | Mangled by Prince Ribbit

Illustrated notes

Levels and vault maps discovered:
D:1:      lightli_arrival_maybe_door_vault, layout_basic,
          shapermc_ecumenical_altar_gd, serial_shops, nicolae_diamond_shop,
          minmay_pentomino_r2
D:2:      layout_loops_cross, serial_shops, nicolae_shop_hallway_stairs,
          uniq_terence
D:3:      minmay_bubble_buster, layout_loops_ring, portal_sewer_entry_d,
          chequers_serial_rivers_micro_a, uniq_grinder
D:4:      layout_rooms, lemuel_tele_altar, serial_park_tiny_pond,
          minmay_misc_feat_alley, kennysheep_cross_room, uniq_ijyb
D:5:      layout_basic, minmay_temple_entry_trees, nicolae_ossuary_entry_ruins,
          uniq_prince_ribbit1, uniq_sigmund

Skill      XL: |  1  2  3  4  5  6  7 |
---------------+----------------------+-----
Invocations    | 1 2 3 |  3.1
Short Blades   | 1 2 |  2.8
Long Blades    | 1 2 |  2.8
Axes           | 1 2 |  2.8
Maces & Flails | 1 2 |  2.8
Staves         | 1 2 |  2.8
Ranged Weapons | 1 2 |  2.8
Throwing       | 1 2 |  2.8
Armour         | 1 2 |  2.8
Dodging        | 1 2 |  2.8
Stealth        | 1 2 |  2.8
Shields        | 1 2 |  2.8
Unarmed Combat | 1 2 |  2.8
Evocations     | 1 2 |  2.8
Spellcasting   | 3 4 |  4.0
Conjurations   | 1 2 |  2.2
Hexes          | 1 2 |  2.2
Summonings     | 1 2 |  2.2
Necromancy     | 1 2 |  2.2
Translocations | 1 2 |  2.2
Transmutations | 1 2 |  2.2
Ice Magic      | 1 2 |  2.2
Air Magic      | 1 2 |  2.2
Earth Magic    | 1 2 |  2.2
Poison Magic   | 1 2 |  2.2
Fighting       | 7 |  7.1
Polearms       | 7 |  7.1
Fire Magic     | |  5.9

Action                   |  1- 3 |  4- 6 |  7- 9 || total
-------------------------+-------+-------+-------++-------
Melee: Spear             |    83 |    75 |    93 ||   251
       Bite              |     9 |     6 |     8 ||    23
       Punch             |     2 |     4 |       ||     6
Invok: Fiery Armour      |     3 |     2 |       ||     5
       Foxfire Swarm     |     1 |     4 |       ||     5
       Rising Flame      |       |     1 |       ||     1
Evoke: Wand              |       |       |     1 ||     1
  Use: Scroll            |     4 |     4 |     4 ||    12
       Potion            |       |     1 |     3 ||     4
Armor: Robe              |    13 |       |       ||    13
       Scale mail        |       |    23 |       ||    23
       Ring mail         |       |     5 |    17 ||    22
       Plate armour      |       |     2 |       ||     2
Dodge: Dodged            |    36 |    25 |    24 ||    85
